 Dungeon Crawl Stone Soup version 0.29-a0-1019-g84f7d21838 (webtiles) character file.

Game seed: 12944875076537048047

1785 Manisian the Magician (level 9, -2/59 HPs)
             Began as a Djinni Fire Elementalist on Aug 10, 2022.
             Was an Initiate of Ashenzari.
             Killed by divine providence
             ... invoked by an orc priest
              (12 damage)
             ... on level 7 of the Dungeon.
             The game lasted 00:29:31 (7033 turns).

Manisian the Magician (Djinni Fire Elementalist)    Turns: 7033, Time: 00:29:32

Health: -2/59      AC:  5    Str:  9    XL:     9   Next: 29%
Gold:   214        EV: 12    Int: 21    God:    Ashenzari [......] SH:  0 Dex: 19

rFire   + + .      SeeInvis .   g - +7 sling "Guix" {flame, Int+4 Dex+3}
rCold   . . .      Faith    .   (no shield)
rNeg    . . .      Spirit   .   k - +2 leather armour {rC+}
rPois   ∞          Reflect  .   (no helmet)
rElec   .          Harm     .   (no cloak)
rCorr   .          Rampage  .   (no gloves)
Will    +....                   (boots unavailable)
Stlth   ++........              l - amulet of the acrobat
HPRegen 0.19/turn               w - ring of willpower
MPRegen 0.00/turn               (no ring)

@: flying
A: sickness immunity, fire resistance 2, cold vulnerability 1, float, innate
caster, HP casting, extra vitality 1
a: Renounce Religion


You were on level 7 of the Dungeon.
You worshipped Ashenzari.
Ashenzari was noncommittal.
You visited 2 branches of the dungeon, and saw 8 of its levels.
You also visited: Sewer.

You collected 410 gold pieces.
You spent 196 gold pieces at shops.

Inventory:

Hand Weapons
 f - the +2 rapier "Hihol" {drain, Will- Int+5 Dex+4 SInv}
   (You found it on level 3 of the Dungeon)

   A truly terrible weapon, it drains the life of any living foe it strikes.
   Int:       It affects your intelligence (+5).
   Dex:       It affects your dexterity (+4).
   SInv:      It lets you see invisible.
   Will:      It decreases your willpower.
 g - the +7 sling "Guix" (weapon) {flame, Int+4 Dex+3}
   (You found it on level 2 of the Dungeon)

   Any ammunition fired from it burns those it strikes, dealing additional fire
   damage.
   Int:       It affects your intelligence (+4).
   Dex:       It affects your dexterity (+3).
 A - the +3 flail of the Six Knives {vorpal, Dex+3}
   (You found it on level 7 of the Dungeon)

   It inflicts extra damage upon your enemies.
   Dex:       It affects your dexterity (+3).
Missiles
 t - a throwing net
Armour
 a - a +1 robe
 k - a +2 leather armour of cold resistance (worn)
Jewellery
 d - a ring of ice
 l - an amulet of the acrobat (around neck)
 w - a ring of willpower (left hand)
Wands
 v - a wand of iceblast (4)
 x - a wand of flame (46)
 y - a wand of mindburst (2)
Scrolls
 c - 3 scrolls of enchant weapon
 s - 2 scrolls of teleportation
 z - a scroll of fear
 B - 3 scrolls of fog
Potions
 b - 12 potions of curing
 e - a potion of flight
 h - a potion of berserk rage
 i - a potion of attraction
 j - 4 potions of lignification
 m - 2 potions of might
 n - 2 potions of haste {unknown}
 p - a potion of degeneration {unknown}
 q - 2 potions of ambrosia {unknown}
 r - a potion of mutation {unknown}
 u - 3 potions of heal wounds {unknown}
 C - a potion of resistance {unknown}


   Skills:
 + Level 2.8 Fighting
 * Level 5.5 Ranged Weapons
 + Level 3.3 Armour
 + Level 2.9 Dodging
 - Level 2.0 Stealth
 + Level 6.2 Spellcasting


You couldn't memorise any spells.
You knew the following spells:

 Your Spells              Type           Power      Damage    Failure   Level
a - Sandblast             Erth           64%        2d14      1%          1
b - Scorch                Fire           64%        2d8       1%          2
c - Ensorcelled Hibernat  Hex/Ice        64%        N/A       1%          2
d - Swiftness             Air            32%        N/A       3%          3
e - Flame Wave            Conj/Fire      32%        2d9       10%         4
f - Conjure Flame         Conj/Fire      32%        6-21      3%          3
g - Foxfire               Conj/Fire      100%       2x1d9     1%          1
h - Call Imp              Summ           32%        N/A       1%          2
i - Inner Flame           Hex/Fire       32%        N/A       3%          3
Your spell library was empty.

Dungeon Overview and Level Annotations

Branches:
Dungeon (7/15)             Temple (1/1) D:6           Sewer (visited)

Altars:
Ashenzari
Cheibriados
Elyvilon
Fedhas
Gozag
Hepliaklqana
Nemelex Xobeh
Okawaru
Qazlal
Ru
Trog
Xom
The Shining One

Shops:
D:2 [


Innate Abilities, Weirdness & Mutations

You are immune to sickness and miasma.
You are immune to poison.
Your flesh is very heat resistant. (rF++)
You are vulnerable to cold. (rC-)
You float through the air rather than walking.
You learn spells naturally, not from books.
Your magical power is your life essence.
You have superior vitality. (+4 MHP)


Message History

The blast of sand hits the howler monkey!
The howler monkey is severely wounded.
The howler monkey hoots and howls with incredible vigour!
The howler monkey barely misses you.
Casting: Sandblast (safe; 1% risk of failure)
Confirm with . or Enter, or press ? or * to list all spells.
Aiming: Sandblast (safe; 1% risk of failure)
Press: ? - help, Shift-Dir - straight line, f/p - howler monkey
Aim: a howler monkey (severely wounded, catching its breath, 82% to hit)
The blast of sand hits the howler monkey!
You kill the howler monkey!
Unknown command.
You start resting.
An orc priest is nearby!
Casting: Sandblast (safe; 1% risk of failure)
Confirm with . or Enter, or press ? or * to list all spells.
Okay, then.
Fire: g) +7 sling "Guix" {flame, Int+4 Dex+3}
Press: ? - help, Q - select action, (/) - cycle Shift-Dir - straight line, f - orc priest
Aim: an orc priest, wielding a +0 falchion and wearing a +0 plate armour (77% to hit)
You shoot a sling bullet.
The sling bullet barely misses the orc priest.
Fire: g) +7 sling "Guix" {flame, Int+4 Dex+3}
Press: ? - help, Q - select action, (/) - cycle Shift-Dir - straight line, f/p - orc priest
Aim: an orc priest, wielding a +0 falchion and wearing a +0 plate armour (77% to hit)
You shoot a sling bullet. The sling bullet hits the orc priest.
The sling bullet burns the orc priest.
The orc priest is lightly wounded.
The orc priest calls down the wrath of Beogh upon you.
Beogh smites you!
* * * LOW HITPOINT WARNING * * *
Fire: g) +7 sling "Guix" {flame, Int+4 Dex+3}
Press: ? - help, Q - select action, (/) - cycle Shift-Dir - straight line, f/p - orc priest
Aim: an orc priest, wielding a +0 falchion and wearing a +0 plate armour (lightly wounded, 77% to hit)
You shoot a sling bullet.
The sling bullet hits the orc priest but does no damage.
The orc priest is lightly wounded.
The orc priest calls down the wrath of Beogh upon you.
Beogh smites you!
You die...

#....#### #.......
... #....... ...
####.#... .. .#......
## #.#o #. ... #.
####.#.########### #.
#...)o.....@.....# #.
#)##########.....####
######
#..)...)).)..........
......
############.....###
##### #.....# #.#####
#.# #.#
#.###############


You could see an orc priest.

Vanquished Creatures
  2 water moccasins
  An ice beast (D:6)
  An orc warrior (D:7)
  2 sky beasts (D:6)
  Pargi (Sewer)
  A centaur (D:6)
  A bullfrog (D:6)
  A scorpion (D:6)
  A killer bee (D:6)
  4 howler monkeys
  2 jellies
  A gnoll bouda (D:5)
  3 hounds (D:5)
  6 iguanas
  2 orc wizards
  7 gnolls
  9 adders
  2 white imps
  3 worms (D:3)
  5 dart slugs
  19 orcs
  5 ball pythons
  8 endoplasms
  6 giant cockroaches
  6 goblins
  6 hobgoblins
  3 jackals (Sewer)
  10 quokkas
  5 bats
  6 frilled lizards
  5 kobolds
  8 rats
142 creatures vanquished.

Vanquished Creatures (collateral kills)
  An orc wizard (D:3)
  An orc (D:3)
  An endoplasm (D:3)
  A giant cockroach (D:3)
4 creatures vanquished.

Vanquished Creatures (others)
  55 foxfires
55 creatures vanquished.

Grand Total: 201 creatures vanquished

Notes
Turn   | Place    | Note
-------+----------+-------------------------------------------
     0 | D:1      | Manisian the Djinni Fire Elementalist began the quest for
                  | the Orb.
     0 | D:1      | Manisian set off with the following spells memorised:
                  | Foxfire, Scorch, Conjure Flame, Inner Flame, Flame Wave.
     0 | D:1      | Reached XP level 1. HP: 15/15 MP: 0/0
   224 | D:1      | Reached XP level 2. HP: 20/22 MP: 0/0
   241 | D:1      | Found a faded altar of an unknown god.
   554 | D:1      | Reached skill level 1 in Fighting
   845 | D:1      | Reached XP level 3. HP: 24/27 MP: 0/0
   845 | D:1      | Learned a level 1 spell: Sandblast
  1439 | D:2      | Reached skill level 3 in Spellcasting
  1486 | D:2      | Found Yghouni's Armour Boutique.
  1535 | D:2      | Reached XP level 4. HP: 29/33 MP: 0/0
  1933 | D:2      | Identified the +7 sling "Guix" {flame, Int+4 Dex+3}
  2286 | D:3      | Reached XP level 5. HP: 35/38 MP: 0/0
  2286 | D:3      | Learned a level 2 spell: Call Imp
  2441 | D:3      | Reached skill level 1 in Ranged Weapons
  2693 | D:3      | Reached skill level 4 in Spellcasting
  2693 | D:3      | Reached XP level 6. HP: 16/43 MP: 0/0
  2698 | D:3      | Identified the +2 rapier "Hihol" {drain, Will- Int+5 Dex+4
                  | SInv}
  3162 | D:4      | Found a sparkling altar of Nemelex Xobeh.
  3623 | D:2      | Bought a +1 leather armour of cold resistance for 196 gold
                  | pieces
  3695 | D:5      | Entered Level 5 of the Dungeon
  3951 | D:5      | Reached skill level 1 in Armour
  3951 | D:5      | Reached XP level 7. HP: 49/49 MP: 0/0
  3951 | D:5      | Learned a level 2 spell: Ensorcelled Hibernation
  4460 | D:5      | Found a shimmering altar of Xom.
  4631 | D:5      | Found a hazy altar of Hepliaklqana.
  4870 | D:6      | Found a staircase to the Ecumenical Temple.
  4915 | D:6      | Found a blossoming altar of Fedhas.
  4921 | D:6      | Noticed a water moccasin
  4927 | D:6      | Killed a water moccasin
  4928 | D:6      | Reached XP level 8. HP: 46/55 MP: 0/0
  4957 | D:6      | Found a glowing drain.
  4972 | Sewer    | Entered a sewer
  5070 | Sewer    | Noticed Pargi
  5076 | Sewer    | Killed Pargi
  5305 | D:6      | Reached skill level 5 in Spellcasting
  5493 | D:6      | Reached skill level 5 in Ranged Weapons
  5884 | D:6      | Found a stormy altar of Qazlal.
  6178 | Temple   | Entered the Ecumenical Temple
  6282 | Temple   | Became a worshipper of Ashenzari the Shackled
  6325 | D:6      | Reached XP level 9. HP: 46/59 MP: 0/0
  6325 | D:6      | Learned a level 3 spell: Swiftness
  6515 | D:7      | Identified the +3 flail of the Six Knives {vorpal, Dex+3}
  6518 | D:7      | Found a glowing golden altar of the Shining One.
  6570 | D:7      | Found a white marble altar of Elyvilon.
  6742 | D:7      | Reached skill level 6 in Spellcasting
  7033 | D:7      | Killed from afar by an orc priest

Illustrated notes

Levels and vault maps discovered:
D:1:      psy_arrival_fountain, layout_basic, chequers_ecumenical_altar_grove,
          serial_glass, glass_columns_a, glass_columns_a,
          minmay_misc_feat_columns
D:2:      layout_loops_ring, serial_shops, shop
D:3:      layout_basic, amcnicky_mini_pool_small, minmay_misc_feat_rugged,
          kennysheep_path_1
D:4:      layout_basic, nemelex_xobeh_ov_fountains_minmay
D:5:      layout_basic, mainiacjoe_overflow_six_doors_small,
          kennysheep_little_box
D:6:      layout_rooms, fedhas_altar_4, mainiacjoe_overflow_cross_hatched,
          minmay_temple_entry_mini_moons, portal_sewer_entry_f,
          minmay_increasing_density
D:7:      cheibrodos_steamvent, layout_basic, lemuel_coloured_pillars_altar,
          mainiacjoe_overflow_chevrons, amcnicky_altar_gilded, uniq_menkaure
Temple:   nicolae_temple_superstar

Skill      XL: |  1  2  3  4  5  6  7  8  9 |
---------------+----------------------------+-----
Fighting       | 1 2 |  2.8
Spellcasting   | 3 4 5 6 |  6.2
Stealth        | 2 |  2.0
Ranged Weapons | 1 2 3 5 |  5.5
Armour         | 1 2 3 |  3.3
Dodging        | |  2.9

Action                   |  1- 3 |  4- 6 |  7- 9 || total
-------------------------+-------+-------+-------++-------
Melee: Unarmed           |       |     1 |       ||     1
 Fire: Sling             |       |    62 |    59 ||   121
 Cast: Foxfire           |    29 |     5 |       ||    34
       Scorch            |    14 |    21 |    27 ||    62
       Sandblast         |     2 |    24 |    38 ||    64
       Call Imp          |       |     1 |       ||     1
       Ensorcelled Hiber |       |       |     3 ||     3
       Swiftness         |       |       |     1 ||     1
Evoke: Wand              |       |       |     4 ||     4
  Use: Scroll            |       |    10 |     7 ||    17
       Potion            |       |       |     1 ||     1
Armor: Robe              |     2 |     3 |       ||     5
       Leather armour    |       |     1 |    13 ||    14
Dodge: Dodged            |       |    18 |    32 ||    50

Table legend: (Time is in decaauts)
 A = Elapsed time spent in this place.
 B = Non-inter-level travel time spent in this place.
 C = Inter-level travel time spent in this place.
 D = Time resting spent in this place.
 E = Time spent auto-exploring this place.
 F = Levels seen in this place.
 G = Mean time per level.
                   A        B        C        D        E       F      G
               +--------+--------+--------+--------+--------+-----+--------+
         Total |   7133 |   6489 |    644 |   1894 |   2262 |   9 |  792.6 |
       Dungeon |   6812 |   6204 |    608 |   1840 |   2141 |   7 |  973.1 |
        Temple |    125 |     89 |     36 |      0 |     80 |   1 |  125.0 |
         Sewer |    195 |    195 |      0 |     54 |     41 |   1 |  195.0 |
               +--------+--------+--------+--------+--------+-----+--------+

Top non-repeatable levels by time:
     D:6: 1377 daAuts
     D:2: 1208 daAuts
     D:5: 1144 daAuts
     D:1: 1120 daAuts
     D:3: 841 daAuts
     D:4: 573 daAuts
     D:7: 547 daAuts
   Sewer: 195 daAuts
  Temple: 125 daAuts
